 Dungeon Crawl Stone Soup version 0.22.0-21-g8bd1b0a76a (webtiles) character file.

201816 Kirk the Severer (level 17, 0/145 HPs)
             Began as a Demonspawn Gladiator on Aug 19, 2018.
             Was the Champion of Okawaru.
             Slain by a vault warden
             ... wielding a +0 battleaxe
              (18 damage)
             ... on level 1 of the Vaults on Aug 20, 2018.
             The game lasted 01:38:25 (28489 turns).

Kirk the Severer (Demonspawn Gladiator)            Turns: 28489, Time: 01:38:26

Health: 0/145      AC: 26    Str: 24    XL:     17   Next: 92%
Magic:  21/24      EV: 15    Int:  7    God:    Okawaru [******]
Gold:   2029       SH:  9    Dex: 24    Spells: 16/16 levels left

rFire    + + +     SeeInvis +   P - +1 broad axe (flame)
rCold    + + +     Gourm    .   Z - +3 warlock's mirror {reflect}
rNeg     . . .     Faith    .   G - +2 chain mail {rPois}
rPois    +         Spirit   .   d - +0 helmet "Afuoh" {-Cast rF+++ Int-4 Dex+3}
rElec    +         Reflect  +   B - +2 cloak
rCorr    +         Harm     .   l - +0 pair of gloves
MR       +....     NoCast   +   (boots unavailable)
Stlth    ..........             s - amulet of regeneration
HPRegen  5.74/turn              v - ring of see invisible
MPRegen  0.19/turn              J - +4 ring of protection

@: mighty, agile, resistant (expiring), finesse, very slightly contaminated
A: hooves 3, rugged brown scales 2, cold resistance 2, powered by death 2,
evolution 1, MP-powered wands
}: 1/15 runes: decaying
a: Heroism, Finesse, Renounce Religion


You were on level 1 of the Vaults.
You worshipped Okawaru.
Okawaru was exalted by your worship.
You were not hungry.

You visited 6 branches of the dungeon, and saw 31 of its levels.
You visited the Abyss 1 time.
You also visited: Labyrinth, Bailey, Ice Cave and Volcano.

You collected 2731 gold pieces.
You spent 702 gold pieces at shops.

Inventory:

Hand Weapons
 y - a +1 executioner's axe of freezing
 F - a +0 blowgun
 H - a +5 executioner's axe of chopping
 P - a +1 broad axe of flaming (weapon)
 Y - a +0 vampiric battleaxe
Missiles
 i - 17 silver javelins (quivered)
 z - 8 curare-tipped needles
Armour
 b - a scarf of cloud immunity
 d - the +0 helmet "Afuoh" (worn) {-Cast rF+++ Int-4 Dex+3}
   (You found it on level 11 of the Dungeon)

   It affects your intelligence (-4).
   It affects your dexterity (+3).
   It renders you almost immune to fire.
   It prevents spellcasting.
 e - the +1 chain mail "Syofuade" {Slay+3}
   (Okawaru gifted it to you on level 14 of the Dungeon)

   It affects your accuracy and damage with ranged weapons and melee attacks
   (+3).
 l - a +0 pair of gloves (worn)
 B - a +2 cloak (worn)
 G - a +2 chain mail of poison resistance (worn)
 I - a +0 hat of magic resistance
 T - the cursed +1 scale mail of Ikkemad {rElec rC+}
   (You found it on level 3 of the Snake Pit)

   It protects you from cold.
   It insulates you from electricity.
   It has a curse placed upon it.
 Z - the +3 warlock's mirror (worn) {reflect}
   (You found it on level 11 of the Dungeon)
Jewellery
 k - an uncursed ring of protection from fire
 s - an amulet of regeneration (around neck)
 v - a ring of see invisible (left hand)
 x - an uncursed amulet of rage
 J - a +4 ring of protection (right hand)
 X - an uncursed ring of fire
Wands
 c - a wand of paralysis (43)
 q - a wand of digging (19)
 K - a wand of disintegration (32)
 O - a wand of iceblast (13)
 R - a wand of acid (7)
Scrolls
 a - a scroll of fog
 g - 5 scrolls of teleportation
 r - 6 scrolls of identify
 t - 3 scrolls of blinking
 u - 7 scrolls of amnesia
 C - 16 scrolls of remove curse
 M - a scroll of magic mapping
 Q - 3 scrolls of enchant armour
Potions
 j - 6 potions of haste
 m - 7 potions of brilliance
 n - 12 potions of curing
 o - 6 potions of cancellation
 p - 2 potions of invisibility
 w - 5 potions of flight
 A - 3 potions of magic
 L - a potion of ambrosia
 N - 2 potions of resistance
 S - 2 potions of berserk rage
 U - 2 potions of might
 V - 2 potions of agility
 W - a potion of mutation
Miscellaneous
 D - a lightning rod (4/4)
 E - a lamp of fire
Comestibles
 f - 59 rations


   Skills:
 + Level 14.0 Fighting
 * Level 20.7 Axes
 - Level 1.7 Throwing
 + Level 11.3 Armour
 - Level 2.6 Dodging
 - Level 4.0 Shields
 * Level 10.4 Invocations
 - Level 6.7 Evocations


You had 16 spell levels left.
You didn't know any spells.
Your spell library contained the following spells:

 Spells                   Type           Power        Failure   Level  Hunger
 Animate Skeleton         Necr           N/A          93%         1    ##.....
 Apportation              Tloc           #.....       93%         1    ##.....
 Beastly Appendage        Tmut           #.....       93%         1    ##.....
 Confusing Touch          Hex            #.....       93%         1    ##.....
 Corona                   Hex            #......      93%         1    ##.....
 Flame Tongue             Conj/Fire      #....        93%         1    ##.....
 Shock                    Conj/Air       #...         93%         1    ##.....
 Sting                    Conj/Pois      #...         93%         1    ##.....
 Summon Butterflies       Summ           #.......     93%         1    ##.....
 Summon Small Mammal      Summ           #...         93%         1    ##.....
 Blink                    Tloc           N/A          98%         2    ###....
 Ensorcelled Hibernation  Hex/Ice        #.....       98%         2    ###....
 Passwall                 Tmut/Erth      #.......     98%         2    ###....
 Shroud of Golubria       Chrm/Tloc      #.........   98%         2    ###....
 Slow                     Hex            #.......     98%         2    ###....
 Sticks to Snakes         Tmut           #.......     98%         2    ###....
 Swiftness                Chrm/Air       #.......     98%         2    ###....
 Throw Flame              Conj/Fire      #.....       98%         2    ###....
 Call Canine Familiar     Summ           #.......     100%        3    ####...
 Confuse                  Hex            #.......     100%        3    ####...
 Conjure Flame            Conj/Fire      #.......     100%        3    ####...
 Gell's Gravitas          Tloc           #.........   100%        3    ####...
 Inner Flame              Hex/Fire       #.......     100%        3    ####...
 Lesser Beckoning         Tloc           #.........   100%        3    ####...
 Ozocubu's Armour         Chrm/Ice       #.......     100%        3    ####...
 Portal Projectile        Hex/Tloc       #.....       100%        3    ####...
 Spider Form              Tmut/Pois      #.........   100%        3    ####...
 Static Discharge         Conj/Air       #.......     100%        3    ####...
 Teleport Other           Tloc           #.......     100%        3    ####...
 Airstrike                Air            #.........   100%        4    #####..
 Cause Fear               Hex            #.........   100%        4    #####..
 Force Lance              Conj/Tloc      #.......     100%        4    #####..
 Ice Form                 Ice/Tmut       #.......     100%        4    #####..
 Leda's Liquefaction      Hex/Erth       #.........   100%        4    #####..
 Olgreb's Toxic Radiance  Pois           #.......     100%        4    #####..
 Passage of Golubria      Tloc           N/A          100%        4    #####..
 Petrify                  Tmut/Erth      #.......     100%        4    #####..
 Sticky Flame             Conj/Fire      #.......     100%        4    #####..
 Summon Ice Beast         Ice/Summ       #.......     100%        4    #####..
 Blade Hands              Tmut           #.........   100%        5    ######.
 Borgnjor's Vile Clutch   Necr/Erth      #.........   100%        5    ######.
 Fireball                 Conj/Fire      #.........   100%        5    ######.
 Lee's Rapid Deconstruct  Erth           #.........   100%        5    ######.
 Lightning Bolt           Conj/Air       #.........   100%        5    ######.
 Metabolic Englaciation   Hex/Ice        #.........   100%        5    ######.
 Silence                  Hex/Air        #.........   100%        5    ######.
 Summon Mana Viper        Hex/Summ       #.......     100%        5    ######.
 Yara's Violent Unravell  Hex/Tmut       #.........   100%        5    ######.
 Darkness                 Hex            #.........   100%        6    #######
 Deflect Missiles         Chrm/Air       #.........   100%        6    #######
 Invisibility             Hex            #.......     100%        6    #######
 Statue Form              Tmut/Erth      #........    100%        6    #######
 Summon Hydra             Summ           #.........   100%        7    #######
 Discord                  Hex            #.........   100%        8    #######


Dungeon Overview and Level Annotations

Branches:
Dungeon (15/15)            Temple (0/1) D:4            Lair (6/6) D:8
  Swamp (4/4) Lair:3        Snake (3/4) Lair:3        Slime (0/5) Lair:6
    Orc (2/2) D:12            Elf (0/3) Orc:2        Vaults (1/5) D:14
 Depths (0/5) D:15

Altars:
Ashenzari
Dithmenos
Fedhas
Okawaru
Ru
Trog
Wu Jian
Xom
Beogh
Jiyva
Lugonu

Shops:
D:4 ?   Orc:2 (!*(

Portals:
Trove: D:13 (give +3 fire dragon scales)

Annotations:
D:9 exclusion: 2 oklob plants
D:11 3 runed doors, exclusion: orange crystal statue
Lair:4 1 runed door, facsimile's ghost, journeyman FoWz
Lair:5 1 runed door, Barolisk's ghost, journeyman DDFi
Snake:3 Vashnia


Innate Abilities, Weirdness & Mutations

You have hooves in place of feet.
You are mostly covered in rugged brown scales. (AC +2, +5% HP)
Your flesh is very cold resistant. (rC++)
You regenerate health from kills.
You evolve.
You expend magic power (3 MP) to strengthen your wands.


Message History

The vault warden hits you with a battleaxe.
* * * LOW HITPOINT WARNING * * *
Unknown command.
You hit the stone giant. You burn the stone giant. You kick the stone giant.
The stone giant is almost dead.
You hit the vault warden but do no damage.
The vault warden blocks your attack.
You start to feel less resistant.
Unknown command.
You open the stone giant like a pillowcase!!!
You burn the stone giant.
You kill the stone giant!
Okawaru accepts your kill.
You closely miss the vault warden. The vault warden blocks your attack.
The vault warden hits you with a long sword of protection!
* * * LOW HITPOINT WARNING * * *
Unknown command.
You feel better.
The vault warden hits you with a battleaxe!!
You die...

#..............#
#........[.....#
#######c)#######
#########O##
#.......(.#
#...(..c..#
#...(.[c..#
#.....)().#.#####.+
#.....[...#cp@+...#
#....<...DO.p.+...#
#........c#(p)+...#
#...((....#.#####.#
#+#+####+### #


You could see a storm dragon, 2 vault wardens, a centaur warrior, a two-headed
ogre, an ironbrand convoker and a yaktaur.

Vanquished Creatures
  A thorn hunter (Swamp:3)
  A fire giant (Vaults:1)
  Kirke (Swamp:3)
  A nagaraja (Snake:3)
  A reaper (IceCv)
  2 ironheart preservers (Vaults:1)
  2 very ugly things
  A stone giant (Vaults:1)
  A red draconian (Volcano)
  A minotaur (Lab)
  A dire elephant (D:15)
  2 green deaths (Swamp:4)
  A death ooze (Swamp:4)
  Josephine (Orc:1)
  An ogre mage (Vaults:1)
  11 hydras
  A merfolk avatar (Lair:6)
  A ghost crab (Swamp:2)
  An ice dragon (Vaults:1)
  14 vault guards
  A hell beast (Swamp:4)
  4 naga warriors
  A great orb of eyes (Vaults:1)
  6 two-headed ogres
  A tengu warrior (D:13)
  6 anacondas
  15 alligators
  5 centaur warriors
  5 naga sharpshooters
  Urug (Lair:3)
  Nergalle (Lair:3)
  6 spriggans
  2 naga ritualists
  A spriggan druid (Swamp:3)
  8 swamp dragons
  3 large abominations (Swamp:4)
  An unseen horror (D:15)
  A lindwurm (Lair:4)
  13 wizards (D:11)
  2 ironbrand convokers (Vaults:1)
  3 shambling mangroves
  A harpy (Lair:6)
  2 orc knights
  Pikel (D:5)
  3 mana vipers
  A wolf spider (D:15)
  4 manticores
  8 orc sorcerers
  21 ugly things
  A deep elf mage (D:14)
  2 cyclopes (D:11)
  A centaur zombie (D:15)
  5 salamanders
  14 elephants
  2 ice statues (IceCv)
  7 naga magi
  A guardian serpent (Snake:2)
  An orange demon (Swamp:4)
  9 spiny frogs
  19 black mambas
  A gargoyle (D:14)
  2 efreet
  A kobold demonologist (D:14)
  3 centaur skeletons
  2 yaktaurs
  17 komodo dragons
  7 rime drakes
  A freezing wraith (D:14)
  8 ice devils (IceCv)
  2 tengu conjurers
  A guardian mummy (D:13)
  7 trolls
  6 tyrant leeches
  4 polar bears (Lair:6)
  3 blink frogs (Lair:6)
  7 bog bodies
  13 hornets
  A wind drake (Lair:6)
  9 slime creatures (Swamp:4)
  7 hippogriffs
  A tarantella (shapeshifter) (D:15)
  6 shadows
  46 yaks
  3 vampires
  A ynoxinul (Abyss:3)
  9 wraiths
  3 wyverns
  Eustachio (D:4)
  A human (shapeshifter) (D:15)
  4 hogs (D:8)
  4 basilisks
  A human (D:8)
  21 vampire mosquitoes
  2 hungry ghosts
  18 nagas
  13 swamp worms
  5 wargs
  4 insubstantial wisps (Swamp:4)
  18 water moccasins
  An acid dragon (D:13)
  10 porcupines
  3 ice beasts
  22 orc warriors
  4 sky beasts
  10 swamp drakes
  An eye of draining (D:14)
  2 phantoms
  A black bear (D:8)
  15 ogres
  12 wolves
  10 centaurs
  11 crocodiles
  5 big kobolds
  17 bullfrogs
  A water moccasin zombie (D:10)
  7 scorpions
  8 wights
  5 killer bees (D:13)
  3 vampire bats (Lair:1)
  7 crimson imps
  A bullfrog zombie (D:13)
  4 jellies
  4 hounds
  13 orc priests
  38 orc wizards
  Crazy Yiuf (D:6)
  2 bullfrog skeletons (D:9)
  5 iguanas
  4 worker ants
  A killer bee zombie (D:7)
  3 hound zombies
  10 adders
  10 gnolls
  4 shadow imps
  7 white imps (IceCv)
  15 ufetubi (IceCv)
  2 oozes
  2 adder skeletons
  An adder zombie (D:9)
  2 worms (D:2)
  A dart slug (D:1)
  7 leopard geckos
  124 orcs
  6 giant cockroaches
  32 goblins
  28 hobgoblins
  2 jackals (D:2)
  3 quokkas
  5 ball pythons
  14 bats
  5 frilled lizards
  39 kobolds
  A quokka zombie (D:9)
  6 rats
  A butterfly (Lair:2)
  A fungus (Lair:6)
  6 plants
1063 creatures vanquished.

Vanquished Creatures (others)
  A hydra (Swamp:4)
  An ugly thing (Swamp:4)
  A cyclops (D:14)
  A hog (Swamp:3)
  A human (Swamp:3)
  A swamp drake (Swamp:4)
  An eye of draining (Abyss:3)
  A centaur (D:5)
  A kobold (D:13)
  2 fungi
  2 withered plants (Lair:5)
13 creatures vanquished.

Grand Total: 1076 creatures vanquished

Notes
Turn   | Place    | Note
-------+----------+-------------------------------------------
     0 | D:1      | Kirk the Demonspawn Gladiator began the quest for the Orb.
     0 | D:1      | Reached XP level 1. HP: 16/16 MP: 1/1
   260 | D:1      | Reached skill level 3 in Axes
   268 | D:1      | Gained mutation: You have large cloven feet. [demonic ancestry]
   268 | D:1      | Reached XP level 2. HP: 18/23 MP: 2/2
   540 | D:1      | Gained mutation: You are partially covered in rugged brown scales. (AC +1, +3% HP) [demonic ancestry]
   540 | D:1      | Reached XP level 3. HP: 23/28 MP: 3/3
  1046 | D:2      | Reached skill level 4 in Axes
  1359 | D:3      | Gained mutation: You regenerate a little health from kills. [demonic ancestry]
  1359 | D:3      | Reached XP level 4. HP: 33/35 MP: 4/4
  1377 | D:3      | Noticed an ice beast
  1599 | D:3      | Killed an ice beast
  1599 | D:3      | Reached skill level 5 in Axes
  1599 | D:3      | Reached skill level 1 in Armour
  1599 | D:3      | Gained mutation: Your flesh is cold resistant. (rC+) [demonic ancestry]
  1599 | D:3      | Reached XP level 5. HP: 35/41 MP: 5/5
  1611 | D:3      | Found an iron altar of Okawaru.
  1649 | D:3      | Became a worshipper of Warmaster Okawaru
  2294 | D:4      | Found Buly's Magic Scroll Emporium.
  2305 | D:4      | Bought a scroll of blinking for 105 gold pieces
  2305 | D:4      | Bought a scroll of identify for 28 gold pieces
  2305 | D:4      | Bought a scroll of identify for 28 gold pieces
  2459 | D:4      | Gained mutation: You have hoof-like feet. [demonic ancestry]
  2459 | D:4      | Reached XP level 6. HP: 44/47 MP: 6/6
  2600 | D:4      | Noticed Eustachio
  2722 | D:4      | Killed Eustachio
  2722 | D:4      | Reached * piety under Okawaru
  2722 | D:4      | Reached skill level 6 in Axes
  2722 | D:4      | Gained mutation: You are mostly covered in rugged brown scales. (AC +2, +5% HP) [demonic ancestry]
  2722 | D:4      | Reached XP level 7. HP: 48/54 MP: 7/7
  2757 | D:4      | Found a staircase to the Ecumenical Temple.
  3221 | D:5      | Entered Level 5 of the Dungeon
  3343 | D:5      | Noticed Pikel
  3373 | D:5      | Killed Pikel
  3373 | D:5      | Reached skill level 7 in Axes
  3373 | D:5      | Reached XP level 8. HP: 63/63 MP: 7/9
  3607 | D:5      | Reached skill level 8 in Axes
  3609 | D:5      | Reached ** piety under Okawaru
  4233 | D:6      | Reached skill level 9 in Axes
  4536 | D:6      | Reached XP level 9. HP: 23/69 MP: 11/11
  4751 | D:6      | Found a runed door.
  4944 | D:6      | Noticed Crazy Yiuf
  4949 | D:6      | Killed Crazy Yiuf
  5072 | D:7      | Reached *** piety under Okawaru
  5187 | D:7      | Found a shattered altar of Ashenzari.
  5227 | D:7      | Reached skill level 10 in Axes
  5279 | D:7      | Found a shimmering altar of Xom.
  5292 | D:7      | Found a blossoming altar of Fedhas.
  5701 | D:7      | Found a sacrificial altar of Ru.
  6042 | D:8      | Noticed a two-headed ogre
  6208 | D:8      | Reached skill level 5 in Fighting
  6208 | D:8      | Reached skill level 5 in Invocations
  6216 | D:8      | Reached **** piety under Okawaru
  6503 | D:8      | Killed a two-headed ogre
  6503 | D:8      | Reached skill level 11 in Axes
  6503 | D:8      | Gained mutation: You regenerate health from kills. [demonic ancestry]
  6503 | D:8      | Reached XP level 10. HP: 77/77 MP: 14/14
  6731 | D:8      | Noticed an elephant
  6731 | D:8      | Noticed a red ugly thing
  6856 | D:9      | Reached ***** piety under Okawaru
  6873 | D:9      | Found an ornate altar of the Wu Jian Council.
  7128 | D:9      | Found a flagged portal.
  7161 | Bailey   | Entered a bailey
  7270 | Bailey   | Noticed an orc knight
  7286 | Bailey   | Killed an orc knight
  7286 | Bailey   | Reached skill level 12 in Axes
  7342 | Bailey   | Received a gift from Okawaru
  7416 | Bailey   | Noticed an orc warlord
  7730 | D:9      | Found a blossoming altar of Fedhas.
  7732 | D:9      | Noticed an oklob plant
  7732 | D:9      | Noticed an oklob plant
  7865 | D:9      | Noticed a two-headed ogre
  7875 | D:9      | Killed a two-headed ogre
  7875 | D:9      | Reached skill level 5 in Armour
  8084 | D:10     | Entered Level 10 of the Dungeon
  8122 | D:10     | Reached XP level 11. HP: 86/86 MP: 15/15
  8310 | D:10     | Reached skill level 13 in Axes
  8478 | D:11     | Found a runed door.
  8486 | D:11     | Found a runed door.
  8496 | D:11     | Found a runed door.
  8509 | D:11     | Found a runed door.
  8583 | D:11     | Got a faintly glowing helmet
  8594 | D:11     | Identified the +0 helmet "Afuoh" {-Cast rF+++ Int-4 Dex+3} (You found it on level 11 of the Dungeon)
  8615 | D:11     | Noticed a wizard
  8628 | D:11     | Killed a wizard
  8812 | D:11     | Noticed a wizard
  8820 | D:11     | Killed a wizard
  8828 | D:11     | Noticed a wizard
  8835 | D:11     | Killed a wizard
  8841 | D:11     | Noticed a wizard
  8850 | D:11     | Noticed a wizard
  8855 | D:11     | Cast into level 3 of the Abyss (a wizard)
  8886 | Abyss:3  | Noticed a spatial maelstrom
  9060 | Abyss:3  | Found a corrupted altar of Lugonu.
  9060 | Abyss:3  | Noticed a revenant
  9072 | Abyss:3  | Noticed a spectral frost giant
  9078 | Abyss:3  | Gained mutation: You are clumsy. (Dex -2) [potion of mutation]
  9078 | Abyss:3  | Gained mutation: Your muscles are strong. (Str +2) [potion of mutation]
  9078 | Abyss:3  | Gained mutation: You evolve. [potion of mutation]
  9078 | Abyss:3  | Gained mutation: Your flesh is very cold resistant. (rC++) [potion of mutation]
  9229 | Abyss:3  | Noticed an unseen horror
  9299 | Abyss:3  | Noticed a brown ugly thing
  9309 | Abyss:3  | Noticed a thrashing horror
  9369 | Abyss:3  | Noticed a deep elf mage
  9369 | Abyss:3  | Noticed a deep elf archer
  9370 | Abyss:3  | Noticed a deep elf mage
  9379 | Abyss:3  | Noticed a deep elf mage
  9379 | Abyss:3  | Noticed a deep elf archer
  9381 | Abyss:3  | Noticed a flayed ghost
  9405 | D:11     | Escaped the Abyss
  9410 | D:11     | Killed a wizard
  9413 | D:11     | Killed a wizard
  9413 | D:11     | Received a gift from Okawaru
  9425 | D:11     | Noticed a wizard
  9426 | D:11     | Noticed a wizard
  9535 | D:8      | Reached skill level 14 in Axes
  9555 | D:8      | Found a staircase to the Lair.
  9582 | Lair:1   | Entered Level 1 of the Lair of Beasts
  9628 | Lair:1   | Found a labyrinth entrance.
  9637 | Lab      | Entered a labyrinth
 10091 | Lab      | Noticed a minotaur
 10101 | Lab      | Killed a minotaur
 10101 | Lab      | Received a gift from Okawaru
 10101 | Lab      | Received a gift from Okawaru
 10177 | Lair:1   | Reached skill level 1 in Shields
 10193 | Lair:1   | Identified the Grimoire of the Frigorific Mountains
 10363 | Lair:1   | Reached XP level 12. HP: 48/95 MP: 16/16
 10629 | Lair:1   | Lost mutation: You are clumsy. (Dex -2) [evolution]
 11531 | Lair:2   | Reached skill level 15 in Axes
 11535 | Lair:2   | Identified Sif Muna's Guide on the Toxic Compass
 11858 | Lair:3   | Found a staircase to the Snake Pit.
 11886 | Lair:3   | Got a translucent scale mail
 11926 | Lair:3   | Noticed Urug
 11941 | Lair:3   | Killed Urug
 11953 | Lair:3   | Reached ****** piety under Okawaru
 11969 | Lair:3   | Found a staircase to the Swamp.
 11980 | Lair:3   | Received a gift from Okawaru
 11986 | Lair:3   | Got a jewelled hand axe {god gift}
 12032 | Lair:3   | Noticed Nergalle
 12039 | Lair:3   | Noticed a seven-headed hydra
 12069 | Lair:2   | Identified the +7 hand axe "Hydraslayer" {venom, rN+} (Okawaru gifted it to you on level 3 of the Lair of Beasts)
 12081 | Lair:2   | Killed a seven-headed hydra
 12411 | Lair:3   | Killed Nergalle
 12676 | Lair:4   | Gained mutation: You have a pair of small antennae on your head. [evolution]
 12682 | Lair:4   | Lost mutation: Your flesh is very cold resistant. (rC++) [potion of mutation]
 12682 | Lair:4   | Lost mutation: You have a pair of small antennae on your head. [potion of mutation]
 12682 | Lair:4   | Lost mutation: Your muscles are strong. (Str +2) [potion of mutation]
 12682 | Lair:4   | Gained mutation: You passively map a small area around you. [potion of mutation]
 12723 | Lair:4   | Found a dark tunnel.
 12740 | Lair:4   | Reached XP level 13. HP: 70/103 MP: 17/17
 12783 | Volcano  | Entered a volcano
 12798 | Volcano  | Noticed a red draconian
 12816 | Volcano  | Killed a red draconian
 12902 | Volcano  | Received a gift from Okawaru
 13040 | Lair:4   | Identified the +6 scale mail of Loshojich {Str+3 Dex+5} (You found it on level 3 of the Lair of Beasts)
 13097 | Lair:4   | Received a gift from Okawaru
 13377 | Lair:4   | Found a runed door.
 13379 | Lair:4   | Noticed facsimile's ghost (journeyman FoWz)
 13447 | Lair:4   | Reached skill level 16 in Axes
 14362 | Lair:5   | Found a runed door.
 14370 | Lair:5   | Noticed Barolisk's ghost (journeyman DDFi)
 14673 | Lair:5   | Received a gift from Okawaru
 14739 | Lair:5   | Gained mutation: You rapidly evolve. [evolution]
 14739 | Lair:5   | Lost mutation: You rapidly evolve. [decline of evolution]
 14969 | Lair:5   | Reached XP level 14. HP: 113/113 MP: 17/19
 14971 | Lair:6   | Entered Level 6 of the Lair of Beasts
 15349 | Lair:6   | Reached skill level 17 in Axes
 15573 | Lair:6   | Found a staircase to the Slime Pits.
 15573 | Lair:6   | Found a viscous altar of Jiyva.
 15902 | Lair:6   | Received a gift from Okawaru
 15902 | Lair:6   | Reached skill level 10 in Fighting
 16436 | D:11     | Reached XP level 15. HP: 70/120 MP: 20/20
 16573 | D:12     | Found a staircase to the Orcish Mines.
 17415 | D:11     | Found the +3 warlock's mirror {reflect}
 17788 | D:13     | Found a bloodstained altar of Trog.
 17851 | D:13     | Reached skill level 18 in Axes
 18324 | D:13     | Found a portal to a secret trove of treasure.
 18656 | D:14     | Found a gate to the Vaults.
 18773 | D:14     | Found a shadowy altar of Dithmenos.
 18790 | D:14     | Found a frozen archway.
 18800 | IceCv    | Entered an ice cave
 19204 | IceCv    | Lost mutation: You passively map a small area around you. [evolution]
 19377 | D:14     | Received a gift from Okawaru
 19599 | D:14     | Received a gift from Okawaru
 19600 | D:14     | Got a smoking chain mail {god gift}
 19665 | D:14     | Identified the +1 chain mail "Syofuade" {Slay+3} (Okawaru gifted it to you on level 14 of the Dungeon)
 19732 | D:14     | Found a corrupted altar of Lugonu.
 19974 | D:15     | Entered Level 15 of the Dungeon
 20007 | D:15     | Found a staircase to the Depths.
 20430 | D:15     | Found a blossoming altar of Fedhas.
 20627 | Orc:1    | Entered Level 1 of the Orcish Mines
 20629 | Orc:1    | Reached XP level 16. HP: 132/132 MP: 21/21
 20742 | Orc:1    | Reached skill level 19 in Axes
 20859 | Orc:2    | Entered Level 2 of the Orcish Mines
 21052 | Orc:2    | Found a roughly hewn altar of Beogh.
 21073 | Orc:2    | Found Guseg's Assorted Antiques.
 21077 | Orc:2    | Paralysed by an orc sorcerer for 3 turns
 21104 | Orc:2    | Bought a scroll labeled ROTUPT HETSI for 37 gold pieces
 21105 | Orc:2    | Got a smoking broad axe
 21106 | Orc:2    | Identified the +4 broad axe "Olei" {distort, -Tele rN+ Dex+4} (You acquired it on level 2 of the Orcish Mines)
 21113 | Orc:2    | Found Ponounn's Antique Weapon Boutique.
 21208 | Orc:2    | Found a roughly hewn altar of Beogh.
 21363 | Orc:2    | Found a staircase to the Elven Halls.
 21465 | Orc:2    | Found Motroug's Distillery.
 21465 | Orc:2    | Found Acysoo's Antique Weapon Shoppe.
 21497 | Orc:2    | Bought a potion of heal wounds for 70 gold pieces
 21497 | Orc:2    | Bought a potion of might for 56 gold pieces
 21497 | Orc:2    | Bought a potion of curing for 42 gold pieces
 21497 | Orc:2    | Bought a potion of resistance for 140 gold pieces
 21497 | Orc:2    | Bought a potion of haste for 140 gold pieces
 21497 | Orc:2    | Bought a potion of might for 56 gold pieces
 21723 | Orc:1    | Noticed Josephine
 21732 | Orc:1    | Killed Josephine
 22181 | Swamp:1  | Entered Level 1 of the Swamp
 22383 | Swamp:1  | Received a gift from Okawaru
 22392 | Swamp:1  | Got a wavering ivory amulet
 22394 | Swamp:1  | Identified the amulet of Mohep {Spirit rPois rC- Int+4} (You found it on level 1 of the Swamp)
 23192 | Swamp:2  | Reached skill level 10 in Armour
 23622 | Swamp:3  | Noticed a thorn hunter
 23643 | Swamp:3  | Killed a thorn hunter
 23643 | Swamp:3  | Received a gift from Okawaru
 23751 | Swamp:3  | Noticed Kirke
 23761 | Swamp:3  | Killed Kirke
 23887 | Swamp:3  | Received a gift from Okawaru
 24259 | Swamp:4  | Entered Level 4 of the Swamp
 24789 | Swamp:4  | Gained mutation: You have hooves in place of feet. [demonic ancestry]
 24789 | Swamp:4  | Reached XP level 17. HP: 108/141 MP: 20/23
 24812 | Swamp:4  | Received a gift from Okawaru
 24812 | Swamp:4  | Reached skill level 20 in Axes
 24930 | Swamp:3  | Gained mutation: You expend magic power (3 MP) to strengthen your wands. [evolution]
 25478 | Swamp:4  | Got a decaying rune of Zot
 25601 | Snake:1  | Entered Level 1 of the Snake Pit
 27375 | Snake:3  | Identified the cursed +1 scale mail of Ikkemad {rElec rC+} (You found it on level 3 of the Snake Pit)
 27408 | Snake:3  | Received a gift from Okawaru
 27588 | Snake:3  | Noticed Vashnia
 27988 | Lair:3   | Gained mutation: Your flesh is very cold resistant. (rC++) [evolution]
 28172 | Vaults:1 | Entered Level 1 of the Vaults
 28264 | Vaults:1 | Reached skill level 10 in Invocations
 28318 | Vaults:1 | Paralysed by a great orb of eyes for 3 turns
 28459 | Vaults:1 | Received a gift from Okawaru
 28475 | Vaults:1 | Paralysed by an ogre mage for 3 turns
 28488 | Vaults:1 | HP: 6/145 [vault warden/long sword of protection (11)]
 28489 | Vaults:1 | Slain by a vault warden

Skill      XL: |  1  2  3  4  5  6  7  8  9 10 11 12 13 14 15 16 17 |
---------------+----------------------------------------------------+-----
Axes           | 3 4 5 6 7 9 11 12 14 15 16 17 18 19 20 | 20.7
Armour         | 1 2 3 4 5 6 7 8 9 10 11 | 11.3
Fighting       | 3 4 5 6 7 8 9 10 11 12 14 | 14.0
Invocations    | 2 3 5 6 8 10 | 10.4
Shields        | 1 4 |  4.0
Evocations     | 6 |  6.7
Throwing       | |  1.7
Dodging        | |  2.6

Action                   |  1- 3 |  4- 6 |  7- 9 | 10-12 | 13-15 | 16-18 || total
-------------------------+-------+-------+-------+-------+-------+-------++-------
Melee: War axe           |   113 |   144 |   322 |   835 |       |       ||  1414
       Kick              |    19 |    41 |    96 |   274 |   433 |   497 ||  1360
       Punch             |       |       |       |     1 |       |       ||     1
       Broad axe         |       |       |       |       |  1067 |  1182 ||  2249
       Hand axe          |       |       |       |       |    28 |       ||    28
Throw: Throwing net      |       |       |     3 |       |       |       ||     3
Invok: Heroism           |       |       |     1 |     9 |    11 |     8 ||    29
       Finesse           |       |       |       |       |       |     1 ||     1
Evoke: Wand              |       |     2 |    12 |     6 |     1 |       ||    21
       Lightning rod     |       |       |       |     4 |     4 |       ||     8
       Lamp of fire      |       |       |       |       |     1 |       ||     1
  Use: Scroll            |       |    11 |     8 |    21 |     9 |    19 ||    68
       Potion            |       |     2 |     1 |    18 |     6 |     8 ||    35
 Stab: Sleeping          |     1 |       |       |       |       |       ||     1
       Paralysed         |       |     6 |     5 |       |       |       ||    11
       Held in net/web   |       |       |     2 |       |       |       ||     2
       Confused          |       |       |       |       |       |     1 ||     1
  Eat: Chunk             |     2 |     3 |    10 |    14 |    24 |    21 ||    74
       Ration            |       |       |     1 |     3 |     1 |     2 ||     7
Armor: Leather armour    |    43 |    57 |    77 |       |       |       ||   177
       Scale mail        |       |       |    22 |    79 |       |       ||   101
       Chain mail        |       |       |       |   408 |   485 |   525 ||  1418
Dodge: Dodged            |    85 |   127 |   162 |   432 |   318 |   384 ||  1508
Block: Buckler           |       |       |       |     5 |   294 |   426 ||   725
       Reflection        |       |       |       |       |    17 |    44 ||    61
